 Dungeon Crawl Stone Soup version 0.30.1-4-g462c640d31 (webtiles) character file.

Game seed: 16812243562568314953

3663 Almogavar the Thaumaturge (level 9, -6/48 HPs)
             Began as a Deep Elf Conjurer on Aug 14, 2023.
             Was a Believer of Nemelex Xobeh.
             Killed from afar by a manticore (15 damage)
             ... with a volley of spikes
             ... on level 8 of the Dungeon on Aug 15, 2023.
             The game lasted 00:39:20 (10085 turns).

Almogavar the Thaumaturge (Deep Elf Conjurer)      Turns: 10085, Time: 00:39:21

Health: -6/48      AC:  9    Str:  4    XL:     9   Next: 89%
Magic:  17/26      EV: 14    Int: 34    God:    Nemelex Xobeh [**....]
Gold:   611        SH:  5    Dex: 13    Spells: 19/31 levels left

rFire   . . .        v - +2 dagger (venom)
rCold   . . .        (no shield)
rNeg    + . .        e - +2 robe {rN+}
rPois   .            J - +2 hat
rElec   .            (no cloak)
rCorr   +            m - +0 pair of gloves
SInv    .            s - +1 pair of boots
Will    .....        r - amulet of reflection
Stlth   +++          E - +6 ring of intelligence
HPRegen 0.28/turn    H - ring of resist corrosion
MPRegen 0.20/turn

%: reflection
@: spiked
A: no striking features
a: Renounce Religion, Draw Escape, Draw Destruction, Draw Summoning


You were on level 8 of the Dungeon.
You worshipped Nemelex Xobeh.
Nemelex Xobeh was pleased with you.
You visited 2 branches of the dungeon, and saw 9 of its levels.

You collected 666 gold pieces.
You spent 55 gold pieces at shops.

Inventory:

Hand Weapons
 v - a +2 dagger of venom (weapon)
 F - the +0 spear "Eczohof" {elec, rF++ rC-}
   (You found it on level 4 of the Dungeon)

   rF:        It greatly protects you from fire.
   rC:        It makes you vulnerable to cold.
 K - a +2 spectral quarterstaff
Armour
 e - a +2 robe of positive energy (worn)
 m - a +0 pair of gloves (worn)
 s - a +1 pair of boots (worn)
 J - a +2 hat (worn)
 L - a +3 leather armour of willpower
Magical Staves
 k - a staff of death
Jewellery
 r - an amulet of reflection (around neck)
 w - an amulet of guardian spirit
 E - a +6 ring of intelligence (left hand)
 H - a ring of resist corrosion (right hand)
Wands
 h - a wand of paralysis (5)
 l - a wand of polymorph (4)
 y - a wand of flame (7)
 C - a wand of roots (14)
Scrolls
 a - a scroll of fear
 d - a scroll of magic mapping
 i - 2 scrolls of amnesia
 j - 2 scrolls of teleportation
 n - a scroll of fog {unknown}
 u - 2 scrolls of enchant armour
 D - a scroll of enchant weapon
 I - 3 scrolls of poison {unknown}
 M - a scroll of silence {unknown}
 N - a scroll of identify
Potions
 b - a potion of magic
 c - a potion of berserk rage
 f - 5 potions of attraction {unknown}
 g - a potion of brilliance {unknown}
 o - 2 potions of haste {unknown}
 p - 2 potions of curing
 q - a potion of lignification {unknown}
 t - 2 potions of degeneration {unknown}
 x - 2 potions of flight {unknown}
 z - 2 potions of ambrosia {unknown}
 A - a potion of resistance {unknown}
 B - 2 potions of cancellation {unknown}
 G - 3 potions of might {unknown}
 O - a potion of heal wounds


   Skills:
 + Level 2.2 Fighting
 + Level 5.2 Dodging
 + Level 6.5 Stealth
 + Level 11.8 Spellcasting
 + Level 10.3 Conjurations
 + Level 2.4 Hexes
 + Level 1.1 Necromancy


You had 19 spell levels left.
You knew the following spells:

 Your Spells              Type           Power      Damage    Failure   Level
a - Magic Dart            Conj           100%       1d8       1%          1
b - Searing Ray           Conj           100%       2d8       1%          2
c - Necrotise             Necr           100%       1d9       1%          1
d - Dazzling Flash        Conj/Hex       100%       N/A       1%          3
e - Summon Mana Viper     Hex/Summ       28%        N/A       36%         5

Your spell library contained the following spells:

 Spells                   Type           Power      Damage    Failure   Level
 Sublimation of Blood     Necr           27%        N/A       1%          2
 Fulminant Prism          Conj/Hex       29%        3d14      1%          4
 Apportation              Tloc           40%        N/A       2%          1
 Summon Small Mammal      Summ           80%        N/A       2%          1
 Iskenderun's Mystic Bla  Conj/Tloc      53%        2d11      2%          4
 Wereblood                Tmut           20%        N/A       3%          2
 Summon Forest            Summ/Tloc      10%        N/A       52%         5
 Summon Cactus Giant      Summ           10%        N/A       98%         6
 Summon Hydra             Summ           10%        N/A       100%        7


Dungeon Overview and Level Annotations

Branches:
Dungeon (8/15)             Temple (1/1) D:5
   Lair: D:8-11

Altars:
Ashenzari
Dithmenos
Fedhas
Gozag
Hepliaklqana
Kikubaaqudgha
Nemelex Xobeh
Okawaru
Ru
Trog
Vehumet
Wu Jian
Xom
Yredelemnul
Zin
The Shining One

Shops:
D:1 *   D:6 *


Message History

Aim: a manticore (lightly wounded, 100% to hit)
The magic dart hits the manticore.
The manticore is lightly wounded.
Casting: Magic Dart (safe; 1% risk of failure)
Confirm with . or Enter, or press ? or * to list all spells.
Aiming: Searing Ray (safe; 1% risk of failure)
Press: ? - help, Shift-Dir - straight line, f/p - manticore
Aim: a manticore (lightly wounded, 90% to hit)
The searing ray hits the manticore!
The manticore is moderately wounded. (Press . to maintain the ray.) Unknown command.
The searing ray hits the manticore!
The manticore is heavily wounded.
The manticore flicks its tail.
The volley of spikes hits you!
The barbed spikes become lodged in your body.
The searing ray hits the manticore but does no damage.
The manticore is heavily wounded.
The manticore flicks its tail.
The volley of spikes hits you!!
The barbed spikes become lodged in your body.
* * * LOW HITPOINT WARNING * * *
The searing ray misses the manticore.
You finish channelling your searing ray.
The manticore flicks its tail.
The volley of spikes misses you.
Casting: Searing Ray (safe; 1% risk of failure)
Confirm with . or Enter, or press ? or * to list all spells.
Aiming: Searing Ray (safe; 1% risk of failure)
Press: ? - help, Shift-Dir - straight line, f/p - manticore
Aim: a manticore (heavily wounded, 90% to hit)
The searing ray hits the manticore.
The manticore is severely wounded. (Press . to maintain the ray.)
The manticore flicks its tail.
The volley of spikes hits you!
The barbed spikes become lodged in your body.
You die...
Your body glows slightly and disappears.

##.##############..#
#.)....).)........#
#....####...)####.#
##..## ##..)..)).#
##.## ##..######
#..# ##..# ###
#..#####>H.# #.##
#....##....# ...##
##.......@## ....##
##.......# #....##
#......##
##....####.......#
##.....##.......##
##.........##>..##
##.......#####..##
##..>..## ##..##
##...## ##..##


You could see a manticore.

Vanquished Creatures
  Pikel (D:5)
  Joseph (D:7)
  A troll (D:7)
  A hornet (D:7)
  A vampire (D:7)
  Eustachio (D:6)
  A water moccasin (D:6)
  A black bear (D:5)
  An orc warrior (D:8)
  An ogre (D:5)
  2 ice beasts
  3 centaurs (D:7)
  3 lemures (D:5)
  2 phantoms
  A gnoll sergeant (D:7)
  2 scorpions
  3 wights (D:8)
  3 howler monkeys (D:8)
  2 hounds
  A gnoll bouda (D:5)
  3 orc priests
  2 iguanas
  5 orc wizards (D:8)
  A sleepcap (D:4)
  10 adders
  11 gnolls
  4 shadow imps
  5 white imps
  An ufetubus (D:5)
  5 dart slugs
  3 worms (D:3)
  21 orcs
  6 endoplasms
  2 giant cockroaches
  10 goblins
  8 hobgoblins
  7 jackals
  5 quokkas
  9 ball pythons
  4 bats
  4 frilled lizards
  4 goblin skeletons (D:6)
  4 hobgoblin zombies (D:6)
  9 kobolds
  2 kobold zombies (D:6)
  3 orc zombies (D:6)
  A rat (D:1)
181 creatures vanquished.

Notes
Turn   | Place    | Note
-------+----------+-------------------------------------------
     0 | D:1      | Almogavar the Deep Elf Conjurer began the quest for the
                  | Orb.
     0 | D:1      | Reached XP level 1. HP: 10/10 MP: 6/6
   289 | D:1      | Reached XP level 2. HP: 15/15 MP: 2/8
   292 | D:1      | Learned a level 2 spell: Searing Ray
   567 | D:1      | Reached skill level 5 in Conjurations
   727 | D:1      | Found Ofelu's General Store.
   732 | D:1      | Bought a potion of heal wounds for 55 gold pieces
   865 | D:1      | Reached XP level 3. HP: 19/19 MP: 6/9
  1532 | D:2      | Found an ornate altar of the Wu Jian Council.
  1793 | D:2      | Reached XP level 4. HP: 24/24 MP: 6/11
  2824 | D:3      | Found a blossoming altar of Fedhas.
  3039 | D:3      | Found a broken altar of Ashenzari.
  3549 | D:3      | Reached XP level 5. HP: 28/28 MP: 4/12
  3633 | D:3      | Found a faded altar of an unknown god.
  3649 | D:3      | Reached skill level 4 in Spellcasting
  4207 | D:4      | Reached skill level 5 in Spellcasting
  4269 | D:4      | Learned a level 1 spell: Necrotise
  4443 | D:4      | Learned a level 3 spell: Dazzling Flash
  4647 | D:4      | Identified the +0 spear "Eczohof" {elec, rF++ rC-}
  4667 | D:4      | Reached XP level 6. HP: 25/32 MP: 11/16
  4886 | D:4      | Found a bloodstained altar of Trog.
  4917 | D:5      | Entered Level 5 of the Dungeon
  5007 | D:5      | Found a staircase to the Ecumenical Temple.
  5013 | Temple   | Entered the Ecumenical Temple
  5064 | Temple   | Became a worshipper of Nemelex Xobeh the Trickster
  5143 | D:5      | Noticed Pikel
  5339 | D:5      | Reached skill level 6 in Spellcasting
  5778 | D:5      | Killed Pikel
  5779 | D:5      | Reached skill level 8 in Spellcasting
  5779 | D:5      | Reached XP level 7. HP: 9/37 MP: 2/20
  6315 | D:5      | Reached skill level 1 in Fighting
  6355 | D:5      | Reached skill level 1 in Hexes
  6355 | D:5      | Reached XP level 8. HP: 43/43 MP: 14/22
  6846 | D:6      | Reached skill level 9 in Spellcasting
  7119 | D:6      | Reached * piety under Nemelex Xobeh
  7256 | D:6      | Found a glowing golden altar of the Shining One.
  7351 | D:6      | Noticed Eustachio
  7363 | D:6      | Killed Eustachio
  7471 | D:6      | Received a gift from Nemelex Xobeh
  7578 | D:6      | Found Kahifegh's Overcharged Wands.
  7594 | D:6      | Reached skill level 5 in Stealth
  7782 | D:7      | Reached skill level 10 in Spellcasting
  8006 | D:7      | Noticed a hornet
  8271 | D:7      | Reached XP level 9. HP: 48/48 MP: 21/25
  8406 | D:7      | Found a hazy altar of Hepliaklqana.
  8444 | D:7      | Reached ** piety under Nemelex Xobeh
  8644 | D:7      | Noticed a troll
  8654 | D:7      | Killed a troll
  8752 | D:7      | Reached skill level 11 in Spellcasting
  8868 | D:7      | Noticed Joseph
  8883 | D:7      | Killed Joseph
  9346 | D:7      | Learned a level 5 spell: Summon Mana Viper
  9582 | D:8      | Reached skill level 10 in Conjurations
  9773 | D:8      | Reached skill level 1 in Necromancy
  9882 | D:8      | Reached skill level 5 in Dodging
 10076 | D:8      | Noticed a manticore
 10085 | D:8      | Killed from afar by a manticore

Illustrated notes

Levels and vault maps discovered:
D:1:      dpeg_arrival_three_same_balls, layout_basic, serial_shops,
          nicolae_shop_rolling_square, hangedman_abyss_or_decor_lesser_grid,
          minmay_pentomino_o2
D:2:      layout_basic, basic_altar
D:3:      layout_loops_ring, ashenzari_conservatory_becter,
          overflow_temple_1_default, shapermc_ecumenical_altar_gd,
          eino_curves_03, kennysheep_donut
D:4:      kennysheep_six_static_rooms, layout_rooms, lightli_temple_of_fire
D:5:      black_bear_nest_1, layout_basic, minmay_temple_entry_nine_rooms,
          nicolae_figureground_sparkle, uniq_pikel
D:6:      layout_loops_ring, nicolae_tso_besieged_by_evil,
          nicolae_shop_overcharged_wands, uniq_eustachio
D:7:      layout_loops_corners, worldfamousw_hep_ancestral_shrine,
          abandoned_shop, st_stairs_1, uniq_joseph
D:8:      minmay_the_grid_triangle_9x9_rhombus_thin
          [minmay_the_grid_triangle_9x9_intruding_spiral,
          minmay_the_grid_triangle_9x9_prize_top_heavy,
          minmay_the_grid_triangle_9x9_limited_checkers,
          minmay_the_grid_triangle_9x9_dagger], layout_layer_cave
Temple:   nicolae_temple_god_jail

Skill      XL: |  1  2  3  4  5  6  7  8  9 |
---------------+----------------------------+-----
Conjurations   | 5 6 7 8 10 | 10.3
Stealth        | 3 4 5 6 |  6.5
Dodging        | 3 4 5 |  5.2
Spellcasting   | 5 8 10 11 | 11.8
Fighting       | 1 2 |  2.2
Hexes          | 1 2 |  2.4
Necromancy     | 1 |  1.1

Action                     |  1- 3 |  4- 6 |  7- 9 || total
---------------------------+-------+-------+-------++-------
  Melee: Dagger            |       |     9 |    22 ||    31
   Cast: Magic Dart        |    63 |    73 |    83 ||   219
         Searing Ray       |     5 |    36 |    59 ||   100
         Dazzling Flash    |       |     1 |     2 ||     3
         Necrotise         |       |       |     3 ||     3
 Invoke: Draw Summoning    |       |       |     1 ||     1
    Use: Scroll            |     1 |     8 |     3 ||    12
         Potion            |       |     1 |     3 ||     4
   Stab: Sleeping          |       |       |     4 ||     4
 Armour: Robe              |     1 |    10 |    24 ||    35
  Dodge: Dodged            |     4 |    24 |    53 ||    81
  Block: Other             |       |     8 |    26 ||    34
         Reflection        |       |       |     5 ||     5
